Canucks vs Oilers

Created - January 11 2008 at 20:26

Goals
1 2 3 T
Canucks 0 1 0 1
Oilers 1 1 1 3
Shots
1 2 3 T
Canucks 3 9 7 19
Oilers 17 9 5 31

Period #1

1. Oilers , Shawn Horcoff 14 (Ryan Smyth, Steve Staios) at 9:16 (PP)

Penalties :
Mike Commodore (VAN) for Interference (Minor) at 0:03, Craig Rivet (VAN) for Hooking (Minor) at 0:10, Mike Commodore (VAN) for Diving (Minor) at 6:49, Bryan Smolinski (VAN) for Delaying the game (Minor) at 8:49, Andrei Markov (VAN) for Interference (Minor) at 9:37, Robert Lang (VAN) for Goalie Interference (Minor) at 11:56, Jaroslav Spacek (EDM) for Hooking (Minor) at 16:05, Jaroslav Spacek (EDM) for High sticking (Minor) at 19:17

Period #2

2. Canucks , Andrei Markov 4 (Dustin Brown, Robert Lang) at 3:53 (PP)
3. Oilers , Shawn Horcoff 15 (Nicklas Lidstrom, Petr Sykora) at 7:42 (PP)

Penalties :
Alexei Zhitnik (EDM) for Interference (Minor) at 0:23, Jaroslav Spacek (EDM) for Roughing (Minor) at 3:01, Nicklas Lidstrom (EDM) for Hooking (Minor) at 3:31, Maxime Talbot (VAN) for Hooking (Minor) at 6:21, Ryan Malone (VAN) for High sticking (Minor) at 15:41

Period #3

4. Oilers , Pierre-Marc Bouchard 15 (Alexei Zhitnik, Daniel Tjarnqvist) at 3:10 (PP)

Penalties :
Maxime Talbot (VAN) for Roughing (Minor) at 2:12, Matt Cullen (VAN) for Tripping (Minor) at 8:24, Mike Commodore (VAN) for Hooking (Minor) at 12:02, Jaroslav Spacek (EDM) for Roughing (Minor) at 17:13, Shawn Horcoff (EDM) for Holding (Minor) at 19:35

Goalie Stats

Jocelyn Thibault (VAN), 28 saves from 31 shots - (0.903), L, 2-3-1, 60:00 minutes
Dwayne Roloson (EDM), 18 saves from 19 shots - (0.947), W, 23-21-1, 60:00 minutes

Players Stats

Canucks
Player Name              G  A  P  +/- PIM S  H  SB FO MP 
-----------------------------------------------------------
Alexei Kovalev           0  0  0   0  0   0  0  0  0  18 
Anders Eriksson          0  0  0   0  0   0  0  0  0  20 
Andrei Markov            1  0  1   0  2   2  1  0  0  22 
Brad Richardson          0  0  0   0  0   0  0  0  2  9  
Bryan Smolinski          0  0  0   0  2   0  0  0  0  18 
Craig Rivet              0  0  0   0  2   0  1  1  0  18 
Dustin Brown             0  1  1   0  0   3  2  0  2  16 
Jarret Stoll             0  0  0   0  0   1  1  0  20 17 
Matt Cullen              0  0  0   0  2   1  0  1  14 10 
Maxime Talbot            0  0  0   0  4   0  2  0  1  18 
Mike Commodore           0  0  0   0  6   0  1  0  0  16 
Radek Bonk               0  0  0   0  0   1  0  0  19 19 
Radim Vrbata             0  0  0   0  0   2  0  0  0  11 
Robert Lang              0  1  1   0  2   4  0  0  15 19 
Ron Hainsey              0  0  0   0  0   0  0  1  0  24 
Ryan Malone              0  0  0   0  2   1  2  0  2  18 
Sergei Fedorov           0  0  0   0  0   2  2  3  0  20 
Steven Reinprecht        0  0  0   0  0   2  0  0  0  7  
Oilers
Player Name              G  A  P  +/- PIM S  H  SB FO MP 
-----------------------------------------------------------
Alexei Zhitnik           0  1  1   0  2   5  0  0  0  22 
Daniel Tjarnqvist        0  1  1   0  0   0  0  1  0  21 
Ethan Moreau             0  0  0   0  0   0  0  0  0  8  
Fernando Pisani          0  0  0   0  0   3  0  0  2  20 
Francis Bouillon         0  0  0   0  0   2  0  0  0  20 
Jaroslav Spacek          0  0  0   0  8   1  3  0  0  22 
Marty Reasoner           0  0  0   0  0   3  2  0  20 19 
Nicklas Lidstrom         0  1  1   0  2   6  1  1  0  24 
Patrick Thoresen         0  0  0   0  0   0  0  0  0  4  
Petr Sykora              0  1  1   0  0   1  0  0  1  20 
Pierre-Marc Bouchard     1  0  1   0  0   1  0  0  2  16 
Radek Dvorak             0  0  0   0  0   1  0  0  0  15 
Raffi Torres             0  0  0   0  0   0  1  0  0  15 
Ryan Johnson             0  0  0   0  0   1  0  0  12 8  
Ryan Smyth               0  1  1   0  0   1  1  0  2  20 
Saku Koivu               0  0  0   0  0   2  1  0  18 16 
Shawn Horcoff            2  0  2   0  2   3  0  0  18 20 
Steve Staios             0  1  1   0  0   1  0  1  0  17 

3 Stars

1 - Shawn Horcoff (EDM)
2 - Dwayne Roloson (EDM)
3 - Andrei Markov (VAN)

Power Play

Canucks - 1 on 7 Attempt(s) - 14.29%
Oilers - 3 on 11 Attempt(s) - 27.27%

Penalty Kill

Canucks - 8 on 11 Attempt(s) - 72.73% - Score 0 goal in Penalty Kill
Oilers - 6 on 7 Attempt(s) - 85.71% - Score 0 goal in Penalty Kill

Game Notes

No Game Note

Finance

Level 1 -- Attendance: 3846 (64.10%) -- Ticket Income $384,600.00
Level 2 -- Attendance: 4250 (96.11%) -- Ticket Income $191,250.00
Level 3 -- Attendance: 1662 (83.10%) -- Ticket Income $49,860.00
Level 4 -- Attendance: 3453 (86.33%) -- Ticket Income $69,060.00
Luxury Box -- Attendance: 945 (94.45%) -- Ticket Income $189,000.00
Game was played at the Rexall Place
Total Attendance: 14156 (86.38%)
Total Ticket Income: $883,966.90
Other Income: $138,821.10
Total Income: $1,022,788.00


Play by Play

Period #1

0:01 of 1st period - Shawn Horcoff wins face-off versus Jarret Stoll in neutral zone.
0:03 of 1st period - Minor Penalty to Mike Commodore for Interference.
0:04 of 1st period - Shawn Horcoff wins face-off versus Matt Cullen in Canucks zone.
0:10 of 1st period - Minor Penalty to Craig Rivet for Hooking.
0:11 of 1st period - Radek Bonk wins face-off versus Saku Koivu in Canucks zone.
0:34 of 1st period - Shot by Alexei Zhitnik.
0:34 of 1st period - Stopped by Jocelyn Thibault without a rebound.
0:35 of 1st period - Shawn Horcoff wins face-off versus Radek Bonk in Canucks zone.
1:31 of 1st period - Icing by Alexei Zhitnik.
1:32 of 1st period - Saku Koivu wins face-off versus Radek Bonk in Oilers zone.
1:38 of 1st period - Off-side.
1:39 of 1st period - Matt Cullen wins face-off versus Saku Koivu in neutral zone.
2:13 of 1st period - Off-side.
2:14 of 1st period - Jarret Stoll wins face-off versus Marty Reasoner in neutral zone.
2:14 of 1st period - Dustin Brown is hit by Marty Reasoner and loses puck.
2:21 of 1st period - Shot by Raffi Torres.
2:21 of 1st period - Shot Misses the Net.
2:25 of 1st period - Shot by Marty Reasoner.
2:25 of 1st period - Stopped by Jocelyn Thibault without a rebound.
2:26 of 1st period - Robert Lang wins face-off versus Shawn Horcoff in Canucks zone.
2:26 of 1st period - Andrei Markov is hit by Ryan Smyth and loses puck.
2:50 of 1st period - Icing by Andrei Markov.
2:51 of 1st period - Marty Reasoner wins face-off versus Robert Lang in Canucks zone.
3:24 of 1st period - Shot by Radek Dvorak.
3:24 of 1st period - Shot Misses the Net.
3:26 of 1st period - Shot by Steve Staios.
3:26 of 1st period - Shot Misses the Net.
3:28 of 1st period - Shot by Steve Staios.
3:28 of 1st period - Stopped by Jocelyn Thibault with a rebound.
3:37 of 1st period - Off-side.
3:38 of 1st period - Fernando Pisani wins face-off versus Dustin Brown in neutral zone.
3:51 of 1st period - Shot by Fernando Pisani.
3:51 of 1st period - Shot Misses the Net.
4:43 of 1st period - Shot by Radim Vrbata.
4:43 of 1st period - Shot Misses the Net.
5:51 of 1st period - Shot by Marty Reasoner.
5:51 of 1st period - Stopped by Jocelyn Thibault without a rebound.
5:52 of 1st period - Jarret Stoll wins face-off versus Ryan Johnson in Canucks zone.
6:49 of 1st period - Minor Penalty to Mike Commodore for Diving.
6:50 of 1st period - Saku Koivu wins face-off versus Matt Cullen in Canucks zone.
7:03 of 1st period - Shot by Alexei Zhitnik.
7:03 of 1st period - Shot Misses the Net.
7:21 of 1st period - Shot by Saku Koivu.
7:21 of 1st period - Stopped by Jocelyn Thibault with a rebound.
7:23 of 1st period - Shot by Fernando Pisani.
7:23 of 1st period - Stopped by Jocelyn Thibault with a rebound.
7:50 of 1st period - Icing by Nicklas Lidstrom.
7:51 of 1st period - Shawn Horcoff wins face-off versus Radek Bonk in Oilers zone.
8:05 of 1st period - Ryan Smyth is hit by Craig Rivet and loses puck.
8:08 of 1st period - Shot by Ryan Smyth.
8:08 of 1st period - Shot Misses the Net.
8:10 of 1st period - Shot by Shawn Horcoff.
8:10 of 1st period - Stopped by Jocelyn Thibault with a rebound.
8:49 of 1st period - Minor Penalty to Bryan Smolinski for Delaying the game.
8:50 of 1st period - Radek Bonk wins face-off versus Shawn Horcoff in Oilers zone.
9:16 of 1st period - Shot by Shawn Horcoff.
9:16 of 1st period - Goal by Shawn Horcoff - Canucks : 0 - Oilers : 1.
9:17 of 1st period - Marty Reasoner wins face-off versus Robert Lang in neutral zone.
9:37 of 1st period - Minor Penalty to Andrei Markov for Interference.
9:38 of 1st period - Saku Koivu wins face-off versus Matt Cullen in Canucks zone.
10:38 of 1st period - Shot by Nicklas Lidstrom.
10:38 of 1st period - Shot Misses the Net.
10:40 of 1st period - Shot by Shawn Horcoff.
10:40 of 1st period - Shot Misses the Net.
10:44 of 1st period - Shot by Nicklas Lidstrom.
10:44 of 1st period - Stopped by Jocelyn Thibault without a rebound.
10:45 of 1st period - Shawn Horcoff wins face-off versus Matt Cullen in Canucks zone.
11:05 of 1st period - Shot by Nicklas Lidstrom.
11:05 of 1st period - Stopped by Jocelyn Thibault without a rebound.
11:06 of 1st period - Saku Koivu wins face-off versus Radek Bonk in Canucks zone.
11:26 of 1st period - Shot by Alexei Zhitnik.
11:26 of 1st period - Stopped by Jocelyn Thibault without a rebound.
11:27 of 1st period - Shawn Horcoff wins face-off versus Radek Bonk in Canucks zone.
11:35 of 1st period - Icing by Jaroslav Spacek.
11:36 of 1st period - Shawn Horcoff wins face-off versus Matt Cullen in Oilers zone.
11:56 of 1st period - Minor Penalty to Robert Lang for Goalie Interference.
11:57 of 1st period - Saku Koivu wins face-off versus Matt Cullen in neutral zone.
12:44 of 1st period - Shot by Nicklas Lidstrom.
12:44 of 1st period - Stopped by Jocelyn Thibault without a rebound.
12:45 of 1st period - Radek Bonk wins face-off versus Shawn Horcoff in Canucks zone.
13:31 of 1st period - Shot by Pierre-Marc Bouchard.
13:31 of 1st period - Deflect By Fernando Pisani.
13:31 of 1st period - Stopped by Jocelyn Thibault without a rebound.
13:32 of 1st period - Radek Bonk wins face-off versus Saku Koivu in Canucks zone.
14:07 of 1st period - Shot by Raffi Torres.
14:07 of 1st period - Shot Misses the Net.
14:11 of 1st period - Shot by Marty Reasoner.
14:11 of 1st period - Stopped by Jocelyn Thibault without a rebound.
14:12 of 1st period - Jarret Stoll wins face-off versus Ryan Johnson in Canucks zone.
14:32 of 1st period - Shot by Alexei Zhitnik.
14:32 of 1st period - Stopped by Jocelyn Thibault with a rebound.
14:36 of 1st period - Shot by Ryan Johnson.
14:36 of 1st period - Shot Misses the Net.
14:38 of 1st period - Shot by Ryan Johnson.
14:38 of 1st period - Stopped by Jocelyn Thibault without a rebound.
14:39 of 1st period - Marty Reasoner wins face-off versus Robert Lang in Canucks zone.
14:43 of 1st period - Marty Reasoner is hit by Sergei Fedorov and loses puck.
15:13 of 1st period - Icing by Andrei Markov.
15:14 of 1st period - Shawn Horcoff wins face-off versus Robert Lang in Canucks zone.
15:14 of 1st period - Shawn Horcoff is hit by Andrei Markov.
15:16 of 1st period - Shot by Petr Sykora.
15:16 of 1st period - Stopped by Jocelyn Thibault with a rebound.
16:03 of 1st period - Radek Bonk is hit by Jaroslav Spacek and loses puck.
16:05 of 1st period - Minor Penalty to Jaroslav Spacek for Hooking.
16:06 of 1st period - Marty Reasoner wins face-off versus Jarret Stoll in Oilers zone.
16:43 of 1st period - Shot by Alexei Kovalev.
16:43 of 1st period - Shot Misses the Net.
17:55 of 1st period - Shot by Jarret Stoll.
17:55 of 1st period - Shot Misses the Net.
18:23 of 1st period - Radim Vrbata is hit by Nicklas Lidstrom and loses puck.
19:17 of 1st period - Minor Penalty to Jaroslav Spacek for High sticking.
19:18 of 1st period - Marty Reasoner wins face-off versus Jarret Stoll in Oilers zone.
19:31 of 1st period - Shot by Ron Hainsey.
19:31 of 1st period - Deflect By Jarret Stoll.
19:31 of 1st period - Shot Misses the Net.
19:33 of 1st period - Shot by Jarret Stoll.
19:33 of 1st period - Stopped by Dwayne Roloson without a rebound.
19:34 of 1st period - Robert Lang wins face-off versus Ryan Johnson in Oilers zone.
19:51 of 1st period - Shot by Dustin Brown.
19:51 of 1st period - Stopped by Dwayne Roloson with a rebound.
19:55 of 1st period - Shot by Robert Lang.
19:55 of 1st period - Stopped by Dwayne Roloson without a rebound.
19:56 of 1st period - Marty Reasoner wins face-off versus Jarret Stoll in Oilers zone.

Period #2

0:01 of 2nd period - Ryan Johnson wins face-off versus Robert Lang in neutral zone.
0:23 of 2nd period - Minor Penalty to Alexei Zhitnik for Interference.
0:24 of 2nd period - Shawn Horcoff wins face-off versus Jarret Stoll in Oilers zone.
0:37 of 2nd period - Shot by Steven Reinprecht.
0:37 of 2nd period - Stopped by Dwayne Roloson with a rebound.
0:39 of 2nd period - Shot by Jarret Stoll.
0:39 of 2nd period - Shot Misses the Net.
0:41 of 2nd period - Shot by Ryan Malone.
0:41 of 2nd period - Shot Misses the Net.
0:43 of 2nd period - Shot by Jarret Stoll.
0:43 of 2nd period - Shot Blocked by Nicklas Lidstrom.
0:47 of 2nd period - Shot by Ron Hainsey.
0:47 of 2nd period - Shot Misses the Net.
0:49 of 2nd period - Shot by Ron Hainsey.
0:49 of 2nd period - Shot Misses the Net.
1:42 of 2nd period - Icing by Bryan Smolinski.
1:43 of 2nd period - Robert Lang wins face-off versus Ryan Johnson in Canucks zone.
1:58 of 2nd period - Icing by Sergei Fedorov.
1:59 of 2nd period - Marty Reasoner wins face-off versus Robert Lang in Canucks zone.
2:46 of 2nd period - Maxime Talbot is hit by Jaroslav Spacek and loses puck.
3:01 of 2nd period - Minor Penalty to Jaroslav Spacek for Roughing.
3:02 of 2nd period - Marty Reasoner wins face-off versus Jarret Stoll in Oilers zone.
3:27 of 2nd period - Shot by Steven Reinprecht.
3:27 of 2nd period - Stopped by Dwayne Roloson without a rebound.
3:28 of 2nd period - Robert Lang wins face-off versus Ryan Johnson in Oilers zone.
3:31 of 2nd period - Shot by Andrei Markov.
3:31 of 2nd period - Stopped by Dwayne Roloson without a rebound.
3:31 of 2nd period - Minor Penalty to Nicklas Lidstrom for Hooking.
3:32 of 2nd period - Ryan Johnson wins face-off versus Dustin Brown in Oilers zone.
3:49 of 2nd period - Shot by Robert Lang.
3:49 of 2nd period - Shot Misses the Net.
3:51 of 2nd period - Shot by Dustin Brown.
3:51 of 2nd period - Stopped by Dwayne Roloson with a rebound.
3:53 of 2nd period - Shot by Andrei Markov.
3:53 of 2nd period - Goal by Andrei Markov - Canucks : 1 - Oilers : 1.
3:54 of 2nd period - Ryan Johnson wins face-off versus Jarret Stoll in neutral zone.
4:52 of 2nd period - Shot by Andrei Markov.
4:52 of 2nd period - Shot Misses the Net.
4:54 of 2nd period - Shot by Dustin Brown.
4:54 of 2nd period - Shot Misses the Net.
4:56 of 2nd period - Shot by Bryan Smolinski.
4:56 of 2nd period - Shot Misses the Net.
5:16 of 2nd period - Shot by Andrei Markov.
5:16 of 2nd period - Shot Misses the Net.
5:18 of 2nd period - Shot by Sergei Fedorov.
5:18 of 2nd period - Stopped by Dwayne Roloson without a rebound.
5:19 of 2nd period - Jarret Stoll wins face-off versus Marty Reasoner in Oilers zone.
6:21 of 2nd period - Minor Penalty to Maxime Talbot for Hooking.
6:22 of 2nd period - Saku Koivu wins face-off versus Matt Cullen in neutral zone.
7:30 of 2nd period - Shot by Nicklas Lidstrom.
7:30 of 2nd period - Stopped by Jocelyn Thibault without a rebound.
7:31 of 2nd period - Shawn Horcoff wins face-off versus Radek Bonk in Canucks zone.
7:42 of 2nd period - Shot by Shawn Horcoff.
7:42 of 2nd period - Goal by Shawn Horcoff - Canucks : 1 - Oilers : 2.
7:43 of 2nd period - Robert Lang wins face-off versus Ryan Johnson in neutral zone.
8:01 of 2nd period - Off-side.
8:02 of 2nd period - Marty Reasoner wins face-off versus Jarret Stoll in neutral zone.
8:05 of 2nd period - Dustin Brown is hit by Marty Reasoner and loses puck.
10:20 of 2nd period - Shot by Robert Lang.
10:20 of 2nd period - Stopped by Dwayne Roloson with a rebound.
10:31 of 2nd period - Icing by Alexei Zhitnik.
10:32 of 2nd period - Radek Bonk wins face-off versus Saku Koivu in Oilers zone.
10:49 of 2nd period - Marty Reasoner is hit by Maxime Talbot and loses puck.
12:23 of 2nd period - Icing by Robert Lang.
12:24 of 2nd period - Saku Koivu wins face-off versus Ryan Malone in Canucks zone.
12:41 of 2nd period - Shot by Alexei Zhitnik.
12:41 of 2nd period - Stopped by Jocelyn Thibault with a rebound.
12:43 of 2nd period - Shot by Fernando Pisani.
12:43 of 2nd period - Deflect By Saku Koivu.
12:43 of 2nd period - Stopped by Jocelyn Thibault with a rebound.
12:47 of 2nd period - Shot by Fernando Pisani.
12:47 of 2nd period - Shot Misses the Net.
13:39 of 2nd period - Shot by Radek Dvorak.
13:39 of 2nd period - Shot Hit the Post.
13:41 of 2nd period - Shot by Raffi Torres.
13:41 of 2nd period - Shot Misses the Net.
13:43 of 2nd period - Shot by Radek Dvorak.
13:43 of 2nd period - Stopped by Jocelyn Thibault with a rebound.
13:45 of 2nd period - Shot by Francis Bouillon.
13:45 of 2nd period - Stopped by Jocelyn Thibault without a rebound.
13:46 of 2nd period - Ryan Johnson wins face-off versus Radek Bonk in Canucks zone.
14:01 of 2nd period - Shot by Radim Vrbata.
14:01 of 2nd period - Shot Misses the Net.
14:03 of 2nd period - Shot by Radim Vrbata.
14:03 of 2nd period - Shot Misses the Net.
14:07 of 2nd period - Shot by Radek Bonk.
14:07 of 2nd period - Stopped by Dwayne Roloson with a rebound.
14:09 of 2nd period - Shot by Craig Rivet.
14:09 of 2nd period - Shot Misses the Net.
14:59 of 2nd period - Icing by Steve Staios.
15:00 of 2nd period - Marty Reasoner wins face-off versus Robert Lang in Oilers zone.
15:07 of 2nd period - Ryan Malone is hit by Raffi Torres.
15:41 of 2nd period - Minor Penalty to Ryan Malone for High sticking.
15:42 of 2nd period - Radek Bonk wins face-off versus Fernando Pisani in neutral zone.
15:53 of 2nd period - Ron Hainsey is hit by Saku Koivu and loses puck.
15:58 of 2nd period - Shot by Alexei Zhitnik.
15:58 of 2nd period - Shot Misses the Net.
16:00 of 2nd period - Shot by Fernando Pisani.
16:00 of 2nd period - Shot Misses the Net.
16:02 of 2nd period - Shot by Saku Koivu.
16:02 of 2nd period - Shot Misses the Net.
16:04 of 2nd period - Shot by Alexei Zhitnik.
16:04 of 2nd period - Stopped by Jocelyn Thibault without a rebound.
16:05 of 2nd period - Shawn Horcoff wins face-off versus Matt Cullen in Canucks zone.
16:22 of 2nd period - Shot by Ryan Smyth.
16:22 of 2nd period - Shot Blocked by Craig Rivet.
16:24 of 2nd period - Shot by Jaroslav Spacek.
16:24 of 2nd period - Stopped by Jocelyn Thibault without a rebound.
16:25 of 2nd period - Pierre-Marc Bouchard wins face-off versus Radek Bonk in Canucks zone.
17:28 of 2nd period - Shot by Ryan Smyth.
17:28 of 2nd period - Stopped by Jocelyn Thibault without a rebound.
17:29 of 2nd period - Matt Cullen wins face-off versus Petr Sykora in Canucks zone.
17:36 of 2nd period - Icing by Nicklas Lidstrom.
17:37 of 2nd period - Matt Cullen wins face-off versus Shawn Horcoff in Oilers zone.
17:42 of 2nd period - Shot by Matt Cullen.
17:42 of 2nd period - Shot Misses the Net.
17:46 of 2nd period - Shot by Ryan Malone.
17:46 of 2nd period - Stopped by Dwayne Roloson with a rebound.
17:48 of 2nd period - Shot by Ryan Malone.
17:48 of 2nd period - Shot Blocked by Steve Staios.
18:03 of 2nd period - Shot by Bryan Smolinski.
18:03 of 2nd period - Shot Misses the Net.
18:21 of 2nd period - Steve Staios is hit by Ryan Malone and loses puck.
19:37 of 2nd period - Maxime Talbot is hit by Jaroslav Spacek and loses puck.

Period #3

0:01 of 3rd period - Shawn Horcoff wins face-off versus Jarret Stoll in neutral zone.
0:46 of 3rd period - Ryan Smyth is hit by Jarret Stoll.
1:46 of 3rd period - Shot by Radim Vrbata.
1:46 of 3rd period - Shot Blocked by Daniel Tjarnqvist.
2:12 of 3rd period - Minor Penalty to Maxime Talbot for Roughing.
2:13 of 3rd period - Marty Reasoner wins face-off versus Brad Richardson in Oilers zone.
2:44 of 3rd period - Shot by Francis Bouillon.
2:44 of 3rd period - Stopped by Jocelyn Thibault without a rebound.
2:45 of 3rd period - Matt Cullen wins face-off versus Saku Koivu in Canucks zone.
3:04 of 3rd period - Shot by Alexei Zhitnik.
3:04 of 3rd period - Shot Misses the Net.
3:06 of 3rd period - Shot by Daniel Tjarnqvist.
3:06 of 3rd period - Shot Blocked by Matt Cullen.
3:08 of 3rd period - Shot by Alexei Zhitnik.
3:08 of 3rd period - Shot Misses the Net.
3:10 of 3rd period - Shot by Pierre-Marc Bouchard.
3:10 of 3rd period - Goal by Pierre-Marc Bouchard - Canucks : 1 - Oilers : 3.
3:11 of 3rd period - Ryan Malone wins face-off versus Marty Reasoner in neutral zone.
3:25 of 3rd period - Icing by Radek Dvorak.
3:26 of 3rd period - Jarret Stoll wins face-off versus Marty Reasoner in Oilers zone.
3:56 of 3rd period - Shot by Dustin Brown.
3:56 of 3rd period - Shot Misses the Net.
4:30 of 3rd period - Shot by Ryan Smyth.
4:30 of 3rd period - Shot Blocked by Sergei Fedorov.
4:59 of 3rd period - Shot by Petr Sykora.
4:59 of 3rd period - Shot Misses the Net.
5:28 of 3rd period - Shawn Horcoff is hit by Ryan Malone.
5:29 of 3rd period - Icing by Shawn Horcoff.
5:30 of 3rd period - Maxime Talbot wins face-off versus Shawn Horcoff in Oilers zone.
6:39 of 3rd period - Icing by Alexei Zhitnik.
6:40 of 3rd period - Jarret Stoll wins face-off versus Saku Koivu in Oilers zone.
6:49 of 3rd period - Shot by Dustin Brown.
6:49 of 3rd period - Stopped by Dwayne Roloson without a rebound.
6:50 of 3rd period - Marty Reasoner wins face-off versus Jarret Stoll in Oilers zone.
6:56 of 3rd period - Radek Dvorak is hit by Dustin Brown and loses puck.
7:25 of 3rd period - Raffi Torres is hit by Mike Commodore and loses puck.
8:11 of 3rd period - Shot by Ryan Malone.
8:11 of 3rd period - Shot Misses the Net.
8:13 of 3rd period - Shot by Ryan Malone.
8:13 of 3rd period - Shot Misses the Net.
8:15 of 3rd period - Shot by Robert Lang.
8:15 of 3rd period - Stopped by Dwayne Roloson without a rebound.
8:16 of 3rd period - Matt Cullen wins face-off versus Ryan Johnson in Oilers zone.
8:21 of 3rd period - Shot by Steven Reinprecht.
8:21 of 3rd period - Deflect By Matt Cullen.
8:21 of 3rd period - Stopped by Dwayne Roloson with a rebound.
8:24 of 3rd period - Minor Penalty to Matt Cullen for Tripping.
8:25 of 3rd period - Robert Lang wins face-off versus Ryan Smyth in Oilers zone.
8:54 of 3rd period - Shot by Nicklas Lidstrom.
8:54 of 3rd period - Stopped by Jocelyn Thibault with a rebound.
9:27 of 3rd period - Icing by Saku Koivu.
9:28 of 3rd period - Saku Koivu wins face-off versus Radek Bonk in Oilers zone.
11:49 of 3rd period - Icing by Francis Bouillon.
11:50 of 3rd period - Jarret Stoll wins face-off versus Marty Reasoner in Oilers zone.
12:02 of 3rd period - Minor Penalty to Mike Commodore for Hooking.
12:03 of 3rd period - Pierre-Marc Bouchard wins face-off versus Radek Bonk in Canucks zone.
12:24 of 3rd period - Shot by Fernando Pisani.
12:24 of 3rd period - Stopped by Jocelyn Thibault without a rebound.
12:25 of 3rd period - Brad Richardson wins face-off versus Shawn Horcoff in Canucks zone.
12:39 of 3rd period - Icing by Nicklas Lidstrom.
12:40 of 3rd period - Ryan Smyth wins face-off versus Radek Bonk in Oilers zone.
12:47 of 3rd period - Shot by Jaroslav Spacek.
12:47 of 3rd period - Shot Blocked by Sergei Fedorov.
12:58 of 3rd period - Shot by Ryan Smyth.
12:58 of 3rd period - Shot Blocked by Ron Hainsey.
13:00 of 3rd period - Shot by Nicklas Lidstrom.
13:00 of 3rd period - Stopped by Jocelyn Thibault without a rebound.
13:01 of 3rd period - Matt Cullen wins face-off versus Saku Koivu in Canucks zone.
13:33 of 3rd period - Icing by Pierre-Marc Bouchard.
13:34 of 3rd period - Radek Bonk wins face-off versus Saku Koivu in Oilers zone.
14:18 of 3rd period - Petr Sykora is hit by Sergei Fedorov.
14:37 of 3rd period - Shot by Ryan Smyth.
14:37 of 3rd period - Shot Blocked by Sergei Fedorov.
15:17 of 3rd period - Off-side.
15:18 of 3rd period - Saku Koivu wins face-off versus Jarret Stoll in neutral zone.
15:27 of 3rd period - Pierre-Marc Bouchard is hit by Dustin Brown and loses puck.
15:41 of 3rd period - Icing by Alexei Zhitnik.
15:42 of 3rd period - Radek Bonk wins face-off versus Saku Koivu in Oilers zone.
15:45 of 3rd period - Shot by Radim Vrbata.
15:45 of 3rd period - Stopped by Dwayne Roloson with a rebound.
17:13 of 3rd period - Minor Penalty to Jaroslav Spacek for Roughing.
17:14 of 3rd period - Ryan Johnson wins face-off versus Robert Lang in Oilers zone.
17:44 of 3rd period - Shot by Robert Lang.
17:44 of 3rd period - Stopped by Dwayne Roloson without a rebound.
17:45 of 3rd period - Marty Reasoner wins face-off versus Jarret Stoll in Oilers zone.
18:53 of 3rd period - Shot by Sergei Fedorov.
18:53 of 3rd period - Stopped by Dwayne Roloson without a rebound.
18:54 of 3rd period - Robert Lang wins face-off versus Marty Reasoner in Oilers zone.
19:21 of 3rd period - Nicklas Lidstrom is hit by Maxime Talbot and loses puck.
19:28 of 3rd period - Shot by Radim Vrbata.
19:28 of 3rd period - Stopped by Dwayne Roloson with a rebound.
19:35 of 3rd period - Minor Penalty to Shawn Horcoff for Holding.
19:36 of 3rd period - Marty Reasoner wins face-off versus Jarret Stoll in Canucks zone.


Output by the SimonT Hockey Simulator (STHS) for Stephane Roy -- Original Page W3C XHTML 1.0 Valid